 Dungeon Crawl Stone Soup version 0.30-a0-279-g4b46babb21 (webtiles) character file.

Game seed: 7448562106519623609

35254 themarg the Warrior (level 13, -1/134 HPs)
             Began as a Minotaur Monk on Oct 16, 2022.
             Was an Elder of Ashenzari.
             Killed from afar by a rime drake (15 damage)
             ... with a flash freeze
             ... on level 1 of the Lair of Beasts.
             The game lasted 01:01:46 (19479 turns).

themarg the Warrior (Minotaur Monk)                Turns: 19479, Time: 01:01:47

Health: -1/134     AC: 18    Str: 22    XL:     13   Next: 46%
Magic:  12/12      EV: 10    Int:  7    God:    Ashenzari [****..]
Gold:   953        SH: 17    Dex: 15    Spells: 12/12 levels left

rFire   + . .      SeeInvis +    a - +0 hand axe of Ashenzari's Urgency {Range, Melee} (curse)
rCold   . . .      Faith    .    q - +0 kite shield of Ashenzari's Portent {Alch, Range} (curse)
rNeg    . . .      Spirit   .    O - +0 plate armour "Ensconced Shame" {Bglg, Comp} (curse)
rPois   +          Reflect  +    (helmet restricted)
rElec   .          Harm     .    (no cloak)
rCorr   .          Rampage  .    D - +1 pair of gloves "Lashed Together" {Dex+3, Comp, Fort} (curse)
Will    .....      Clarity  +    (no boots)
Stlth   ..........               j - amulet of Ashenzari's Moon {Reflect SH+5, Range, Comp} (curse)
HPRegen 0.42/turn                i - ring of the Astral Augur {rPois, Fort, Bglg} (curse)
MPRegen 0.13/turn                b - ring of Supernal Understanding {rF+, Range, Elem} (curse)

@: hasted, very quick
A: horns 2, retaliatory headbutt
a: Renounce Religion, Curse Item, Shatter the Chains


You were on level 1 of the Lair of Beasts.
You worshipped Ashenzari.
Ashenzari was greatly pleased with you.
You visited 3 branches of the dungeon, and saw 16 of its levels.

You collected 953 gold pieces.

Inventory:

Hand Weapons
 a - the cursed +0 hand axe of Ashenzari's Urgency (weapon) {Range, Melee}

   It has a curse which improves the following skills: Ranged Combat: Ranged
   Weapons and Throwing.
   Melee Combat: Short Blades, Long Blades, Axes, Maces & Flails, Polearms,
   Staves and Unarmed Combat.
 w - a +2 hand axe of electrocution
 J - the +8 demon blade "Leech" {vamp, Harm Drain rN+}
   (You found it on level 13 of the Dungeon)

   It heals its wielder for a portion of the damage dealt every time it strikes
   a living foe.
   rN:        It protects you from negative energy.
   Drain:     It drains your maximum health when unequipped.
   Harm:      It increases damage dealt and taken.
Missiles
 d - 144 stones (quivered)
 l - 44 poisoned darts
 E - 8 curare-tipped darts
 M - 2 large rocks
 N - 5 boomerangs
Armour
 q - the cursed +0 kite shield of Ashenzari's Portent (worn) {Alch, Range}
   (You found it on level 10 of the Dungeon)

   It has a curse which improves the following skills: Alchemy: Poison Magic and
   Transmutations.
   Ranged Combat: Ranged Weapons and Throwing.
 D - the cursed +1 pair of gloves "Lashed Together" (worn) {Dex+3, Comp, Fort}
   (You found it on level 8 of the Dungeon)

   It has a curse which improves the following skills: Companions: Summonings
   and Necromancy.
   Fortitude: Armour and Shields.
 O - the cursed +0 plate armour "Ensconced Shame" (worn) {Bglg, Comp}
   (You found it on level 14 of the Dungeon)

   It has a curse which improves the following skills: Beguiling: Conjurations,
   Hexes and Translocations.
   Companions: Summonings and Necromancy.
Jewellery
 b - the cursed ring of Supernal Understanding (right hand) {rF+, Range, Elem}
   (You found it on level 1 of the Dungeon)

   [ring of protection from fire]

   rF:        It protects you from fire.
   It has a curse which improves the following skills: Ranged Combat: Ranged
   Weapons and Throwing.
   Elements:  Fire Magic, Ice Magic, Air Magic and Earth Magic.
 i - the cursed ring of the Astral Augur (left hand) {rPois, Fort, Bglg}
   (You found it on level 1 of the Dungeon)

   [ring of poison resistance]

   rPois:     It protects you from poison.
   It has a curse which improves the following skills: Fortitude: Armour and
   Shields.
   Beguiling: Conjurations, Hexes and Translocations.
 j - the cursed amulet of Ashenzari's Moon (around neck) {Reflect SH+5, Range, Comp}
   (You found it on level 1 of the Dungeon)

   [amulet of reflection]

   It reflects blocked missile attacks.
   SH:        It affects your SH (+5).
   It has a curse which improves the following skills: Ranged Combat: Ranged
   Weapons and Throwing.
   Companions: Summonings and Necromancy.
 m - a ring of magical power
 n - a ring of wizardry
 p - a ring of flight
 s - a +6 ring of dexterity
 H - the ring "Icywaomm" {+Blink rF- Str+6 Int+5 SInv}
   (You found it on level 10 of the Dungeon)

   [ring of strength]

   Str:       It affects your strength (+6).
   Int:       It affects your intelligence (+5).
   rF:        It makes you vulnerable to fire.
   SInv:      It lets you see invisible.
   +Blink:    It lets you blink.
 K - a +4 ring of slaying
Wands
 x - a wand of flame (10)
 B - a wand of light (5)
 C - a wand of charming (14)
 G - a wand of iceblast (6)
 L - a wand of polymorph (5)
Scrolls
 c - 6 scrolls of enchant armour
 f - 21 scrolls of identify
 g - 3 scrolls of enchant weapon
 h - 3 scrolls of poison
 y - a scroll of amnesia
 F - 3 scrolls of magic mapping
Potions
 e - a potion of brilliance
 k - 2 potions of cancellation
 r - 3 potions of curing
 t - a potion of haste
 u - 2 potions of resistance
 v - a potion of mutation
 z - 3 potions of flight
 I - a potion of magic
Miscellaneous
 P - a phantom mirror


   Skills:
 - Level 18.0 Fighting
 - Level 8.5(10.5) Axes
 - Level 2.0(5.3) Throwing
 * Level 10.2(13.2) Armour
 + Level 9.8 Dodging
 - Level 2.0 Stealth
 - Level 8.1(11.1) Shields
 + Level 7.8 Evocations


You had 12 spell levels left.
You didn't know any spells.
Your spell library contained the following spells:

 Spells                   Type           Power      Damage    Failure   Level
 Apportation              Tloc           0%         N/A       100%        1
 Necrotise                Necr           0%         1d4       100%        1
 Shock                    Conj/Air       0%         1d3       100%        1
 Slow                     Hex            0%         N/A       100%        1
 Summon Small Mammal      Summ           0%         N/A       100%        1
 Ensorcelled Hibernation  Hex/Ice        0%         N/A       100%        2
 Sublimation of Blood     Necr           0%         N/A       100%        2
 Confusing Touch          Hex            0%         N/A       100%        3
 Hailstorm                Conj/Ice       0%         3d3       100%        3
 Inner Flame              Hex/Fire       0%         N/A       100%        3
 Spider Form              Tmut/Pois      0%         N/A       100%        3
 Swiftness                Air            0%         N/A       100%        3
 Vampiric Draining        Necr           0%         2d6       100%        3
 Airstrike                Air            0%         2d(0-16)  100%        4
 Anguish                  Hex/Necr       0%         N/A       100%        4
 Flame Wave               Conj/Fire      0%         2d4       100%        4
 Ice Form                 Ice/Tmut       0%         N/A       100%        4
 Petrify                  Tmut/Erth      0%         N/A       100%        4
 Sticky Flame             Conj/Fire      0%         2d3       100%        4
 Irradiate                Conj/Tmut      0%         3d11      100%        5
 Yara's Violent Unravell  Hex/Tmut       0%         3d3       100%        5
 Simulacrum               Ice/Necr       0%         N/A       100%        6
 Enfeeble                 Hex            0%         N/A       100%        7


Dungeon Overview and Level Annotations

Branches:
Dungeon (14/15)            Temple (0/1) D:4            Lair (1/5) D:9
    Orc (1/2) D:10         Vaults (0/5) D:14

Altars:
Ashenzari
Cheibriados
Dithmenos
Elyvilon
Gozag
Kikubaaqudgha
Makhleb
Okawaru
Ru
Trog
Wu Jian
The Shining One

Portals:
Trove: D:14 (give +4 ice dragon scales)

Annotations:
Lair:1 exclusion: ice statue


Innate Abilities, Weirdness & Mutations

You have a pair of horns on your head.
You reflexively headbutt those who attack you in melee.


Message History

The ice beast hits you but does no damage.
As you read the scroll of teleportation, it crumbles to dust.
You feel strangely unstable. The yak gores you but does no damage.
The ice beast hits you but does no damage.
You block the ice beast's attack. The ice beast attacks as you move away!
You block the ice beast's attack. The ice beast attacks as you move away!
The ice beast barely misses you. The yak attacks as you move away!
You block the yak's attack. You block the wyvern's attack.
The wyvern bites you.
* * * LOW HITPOINT WARNING * * *
You block the wyvern's attack.
The wyvern bites you but does no damage.
Your surroundings suddenly seem different.
Splash!
You fall into the shallow water.
Moving in this stuff is going to be slow.
A death yak, an ice devil and a wolf come into view.
Found a stone staircase leading down.
The death yak bellows!
The wolf howls!
A cane toad comes into view.
The death yak attacks as you move away! The death yak gores you!
* * * LOW HITPOINT WARNING * * *
The death yak attacks as you move away! The death yak gores you!
* * * LOW HITPOINT WARNING * * *
There is a stone staircase leading down here.
As you read the scroll of teleportation, it crumbles to dust.
You feel strangely unstable. The wolf barely misses you.
The death yak barely misses you. You furiously retaliate!
You headbutt the death yak, but do no damage.
You feel yourself speed up. You block the wolf's attack.
The wolf bites you but does no damage.
The death yak gores you but does no damage.
Found a stone staircase leading down.
Your surroundings suddenly seem different.
A death yak comes into view.
The death yak bellows!
The rime drake hisses angrily.
The yak bellows!
The rime drake hisses angrily.
The rime drake breathes ice at you. The flash freeze hits you!
You die...

, ,,.....#.Y## #..#
#...#..##. ,# ,
.....5...###..###..##..##.
*,.#
,........#~##..P##..##...#.
#...
~~~~hZ~~~~~#...#...##..#*
.~~~~
~~~~~~~~~~~~~......4....,
~~~~
~~~~~~~~k~≈ZY~~~~.......
~≈≈~,
.....Y...~~~≈~~~~~~~~###**
~.~~,
,.....k......~~~~≈~~~~~#
.... ,
...∩.....@....~~.~~~~~~#
.... ,
$)$[?Y$8.......~..Y~≈≈~~ *
####**
####################~≈≈
*##*


You could see a death yak, an ice statue, a polar bear, 2 yaks, 2 rime drakes, a
white imp, a dire elephant simulacrum and a naga simulacrum.

Vanquished Creatures
  A centaur warrior (D:14)
  A boulder beetle (D:12)
  4 death yaks
  4 two-headed ogres
  A tengu warrior (D:14)
  A skeletal warrior (D:14)
  A wizard (D:14)
  A deep elf pyromancer (D:13)
  2 orc knights
  6 ugly things
  A manticore (D:14)
  An elephant (D:9)
  A cyclops (D:12)
  3 gargoyles
  A cane toad (Lair:1)
  Psyche (D:10)
  3 yaktaurs (D:14)
  An unseen horror (D:10)
  4 centaur skeletons (D:14)
  A kobold demonologist (D:14)
  A komodo dragon (D:11)
  4 burning bushes (Lair:1)
  2 trolls (D:11)
  2 tengu conjurers (D:14)
  Prince Ribbit (D:5)
  A hornet (D:7)
  A shadow (D:8)
  10 yaks
  3 vampires
  2 wyverns
  2 basilisks
  2 steam dragons
  A golden eye (shapeshifter) (D:14)
  A warg (Orc:1)
  An acid dragon (D:13)
  Duvessa (D:4)
  A water moccasin (Lair:1)
  3 orc warriors
  An ice beast (D:7)
  2 sky beasts
  2 black bears
  2 ogres
  6 centaurs
  7 kobold brigands
  A phantom (D:6)
  2 gnoll sergeants (D:9)
  A necrophage (D:6)
  3 bullfrogs (D:8)
  2 scorpions
  7 wights
  20 killer bees
  Dowan (D:4)
  2 howler monkeys (D:10)
  3 hounds
  3 jellies
  12 orc priests
  3 iron imps (D:3)
  Ijyb (D:3)
  8 iguanas
  10 orc wizards
  10 gnolls
  6 adders
  A shadow imp (D:8)
  A white imp (D:5)
  An ufetubus (D:5)
  A worm (D:3)
  A dart slug (D:2)
  39 orcs
  3 endoplasms
  2 giant cockroaches (D:3)
  10 goblins
  6 hobgoblins
  11 jackals
  4 quokkas
  7 ball pythons
  5 bats (D:1)
  5 frilled lizards
  24 kobolds
  6 rats
320 creatures vanquished.

Vanquished Creatures (others)
  An unseen horror (D:10)
  A komodo dragon (Lair:1)
  An orc wizard (D:7)
  A kobold (D:10)
  3 plants (Lair:1)
7 creatures vanquished.

Grand Total: 327 creatures vanquished

Notes
Turn   | Place    | Note
-------+----------+-------------------------------------------
     0 | D:1      | themarg the Minotaur Monk began the quest for the Orb.
     0 | D:1      | Reached XP level 1. HP: 19/19 MP: 0/0
    44 | D:1      | Found a faded altar of an unknown god.
    69 | D:1      | Prayed at the altar of an unknown god.
    69 | D:1      | Became a worshipper of Ashenzari the Shackled
   115 | D:1      | Reached skill level 4 in Fighting
   163 | D:1      | Reached XP level 2. HP: 27/27 MP: 1/1
   379 | D:1      | Reached * piety under Ashenzari
   787 | D:2      | Reached XP level 3. HP: 35/35 MP: 2/2
   806 | D:2      | Reached skill level 5 in Fighting
  1056 | D:2      | Reached ** piety under Ashenzari
  1140 | D:2      | Reached XP level 4. HP: 40/44 MP: 3/3
  1222 | D:2      | Found an ancient bone altar of Kikubaaqudgha.
  1514 | D:3      | Reached skill level 6 in Fighting
  1725 | D:3      | Found a burning altar of Makhleb.
  1745 | D:3      | Reached XP level 5. HP: 41/51 MP: 4/4
  1746 | D:3      | Reached skill level 7 in Fighting
  1950 | D:3      | Noticed Ijyb
  1985 | D:3      | Killed Ijyb
  2097 | D:3      | Reached skill level 8 in Fighting
  2097 | D:3      | Reached XP level 6. HP: 32/61 MP: 5/5
  2796 | D:4      | Noticed Duvessa
  2796 | D:4      | Noticed Dowan
  2804 | D:4      | Killed Dowan
  2805 | D:4      | Reached skill level 9 in Fighting
  2814 | D:4      | Killed Duvessa
  2815 | D:4      | Reached XP level 7. HP: 16/70 MP: 6/6
  3001 | D:4      | Found a staircase to the Ecumenical Temple.
  3016 | D:4      | Reached skill level 10 in Fighting
  3082 | D:4      | Reached skill level 1 in Armour
  3404 | D:5      | Entered Level 5 of the Dungeon
  3409 | D:5      | Noticed Prince Ribbit
  3553 | D:5      | Killed Prince Ribbit
  3691 | D:5      | Reached XP level 8. HP: 67/80 MP: 7/7
  4199 | D:5      | Reached skill level 5 in Dodging
  4475 | D:6      | Reached skill level 11 in Fighting
  4687 | D:6      | Found an opulent altar of Gozag.
  4692 | D:6      | Reached skill level 12 in Fighting
  4710 | D:6      | Found an opulent altar of Gozag.
  4716 | D:6      | Found an opulent altar of Gozag.
  4723 | D:6      | Found an opulent altar of Gozag.
  4900 | D:7      | Noticed a hornet
  4902 | D:7      | Reached *** piety under Ashenzari
  4908 | D:7      | Killed a hornet
  4970 | D:7      | Reached skill level 13 in Fighting
  4970 | D:7      | Reached XP level 9. HP: 64/93 MP: 8/8
  5297 | D:7      | Found a glowing golden altar of the Shining One.
  5491 | D:7      | Reached skill level 14 in Fighting
  5841 | D:7      | Found an ornate altar of the Wu Jian Council.
  5841 | D:7      | Found a shadowy altar of Dithmenos.
  5841 | D:7      | Found a bloodstained altar of Trog.
  5861 | D:7      | Found an iron altar of Okawaru.
  5864 | D:7      | Found an ancient bone altar of Kikubaaqudgha.
  5866 | D:7      | Found a white marble altar of Elyvilon.
  5870 | D:7      | Found a sacrificial altar of Ru.
  5871 | D:7      | Found a snail-covered altar of Cheibriados.
  6309 | D:8      | Noticed a gargoyle
  6331 | D:8      | Killed a gargoyle
  6332 | D:8      | Reached skill level 15 in Fighting
  6332 | D:8      | Reached skill level 1 in Shields
  6332 | D:8      | Reached skill level 1 in Evocations
  6675 | D:8      | Reached **** piety under Ashenzari
  6985 | D:8      | Reached XP level 10. HP: 59/101 MP: 9/9
  7505 | D:9      | Reached skill level 5 in Evocations
  7859 | D:9      | Found a staircase to the Lair.
  7859 | D:9      | Noticed an elephant
  7952 | D:9      | Reached skill level 5 in Axes
  7953 | D:9      | HP: 5/105 [black bear (2)]
  7956 | D:9      | HP: 2/105 [black bear (3)]
  8530 | D:9      | Noticed a two-headed ogre
  8555 | D:9      | Killed a two-headed ogre
  8556 | D:9      | Reached skill level 16 in Fighting
  8845 | D:9      | Killed an elephant
  8850 | D:9      | Identified the cursed +1 pair of gloves "Lashed Together"
                  | {Dex+3, Comp, Fort} (You found it on level 8 of the
                  | Dungeon)
  8850 | D:9      | Identified the cursed +1 ring mail of Ashenzari's Annoyance
                  | {rC+, Comp, Elem} (You took it off Ijyb on level 3 of the
                  | Dungeon)
  9539 | D:10     | Entered Level 10 of the Dungeon
  9788 | D:10     | Noticed a two-headed ogre
  9798 | D:10     | Killed a two-headed ogre
  9799 | D:10     | Reached skill level 17 in Fighting
  9799 | D:10     | Reached XP level 11. HP: 70/117 MP: 10/10
  9829 | D:10     | Reached skill level 5 in Shields
 10206 | D:10     | Noticed Psyche
 10210 | D:10     | Identified the ring "Icywaomm" {+Blink rF- Str+6 Int+5
                  | SInv}
 10222 | D:10     | Killed Psyche
 10273 | D:10     | Reached XP level 12. HP: 125/125 MP: 11/11
 10519 | D:10     | Found a staircase to the Orcish Mines.
 10678 | D:11     | Noticed a two-headed ogre
 10695 | D:11     | Killed a two-headed ogre
 10696 | D:11     | Reached skill level 1 in Throwing
 11455 | D:11     | Noticed a two-headed ogre
 11467 | D:11     | Killed a two-headed ogre
 11852 | D:12     | Reached skill level 5 in Armour
 12126 | D:12     | Noticed a boulder beetle
 12193 | D:12     | Killed a boulder beetle
 12627 | D:12     | Reached skill level 18 in Fighting
 12849 | D:13     | Found the +8 demon blade "Leech" {vamp, Harm Drain rN+}
 14194 | Orc:1    | Entered Level 1 of the Orcish Mines
 14508 | Orc:1    | HP: 6/127 [orc warrior/+0 battleaxe[an orc knight] (26)]
 14845 | Lair:1   | Entered Level 1 of the Lair of Beasts
 15446 | Lair:1   | Noticed a death yak
 15446 | Lair:1   | Noticed a death yak
 15446 | Lair:1   | Noticed a death yak
 15447 | Lair:1   | Noticed a death yak
 15842 | D:14     | Noticed a centaur warrior
 15857 | D:14     | Killed a centaur warrior
 16414 | D:14     | Reached XP level 13. HP: 134/134 MP: 12/12
 17286 | D:14     | Found an ornate altar of the Wu Jian Council.
 17429 | D:14     | Found a gate to the Vaults.
 18011 | D:14     | Found a portal to a secret trove of treasure.
 19225 | D:9      | Reached skill level 10 in Armour
 19479 | Lair:1   | Killed from afar by a rime drake

Illustrated notes

Levels and vault maps discovered:
D:1:      tarquinn_simple_flora_water_e, layout_basic,
          shapermc_ecumenical_altar_starsandcircs
D:2:      layout_basic, basic_altar
D:3:      layout_rooms, demons_altar, uniq_ijyb
D:4:      layout_loops_ring, minmay_temple_entry_stoned_glass, uniq_duvessa
D:5:      layout_basic, uniq_prince_ribbit1
D:6:      layout_rooms, nicolae_gozag_conspicuous_consumption
D:7:      layout_cave_pools, nicolae_overflow_hallway_of_the_gods,
          mainiacjoe_overflow_24_doors
D:8:      layout_rooms, st_stairs_11
D:9:      layout_basic, david_lair_generic
D:10:     layout_loops_cross, orc_0_dummy, uniq_psyche
D:11:     layout_gridville
D:12:     layout_roguey
D:13:     layout_cave_pods, dreamdust_deal_with_the_devil
D:14:     layout_stronghold, hangedman_vaults_entry_quadrant_bands,
          nicolae_wu_jian_immortal_techniques, nicolae_trove_entry_diagonal
Lair:1:   dreamdust_isle_of_ice, layout_long_grid, special_room
          [special_room_bee], evilmike_ambush [evilmike_ambush_outer_basic,
          evilmike_ambush_inner_basic]
Orc:1:    layout_diamond_mine, serial_shops, nicolae_diamond_shop,
          nicolae_orc_stony_grotto, nicolae_orc_sculptors_studio,
          nicolae_specific_store, uniq_erica, uniq_josephine, uniq_nergalle

Skill      XL: |  1  2  3  4  5  6  7  8  9 10 11 12 13 |
---------------+----------------------------------------+-----
Fighting       | 4 5 6 8 9 10 13 15 17 18 | 18.0
Stealth        | 2 |  2.0
Armour         | 3 7 10 | 10.2
Dodging        | 4 5 6 8 9 |  9.8
Shields        | 3 4 8 |  8.1
Evocations     | 3 5 6 7 |  7.8
Axes           | 5 8 |  8.5
Throwing       | 2 |  2.0

Action                   |  1- 3 |  4- 6 |  7- 9 | 10-12 | 13-15 || total
-------------------------+-------+-------+-------+-------+-------++-------
Melee: Hand axe          |    68 |   137 |   352 |   730 |   288 ||  1575
       Headbutt          |    11 |    15 |    84 |   206 |    92 ||   408
       Punch             |       |     2 |     5 |     3 |       ||    10
Invok: Curse Item        |     3 |     1 |     3 |     2 |     1 ||    10
       Shatter the Chain |       |     1 |       |     1 |     1 ||     3
Evoke: Wand              |       |     3 |       |     1 |       ||     4
  Use: Potion            |       |     2 |     2 |     9 |     1 ||    14
       Scroll            |       |     1 |       |     5 |     7 ||    13
 Stab: Sleeping          |     3 |     2 |       |       |       ||     5
Armor: Robe              |     7 |       |       |       |       ||     7
       Leather armour    |    11 |    10 |       |       |       ||    21
       Ring mail         |       |     2 |   102 |    68 |       ||   172
       Skin              |       |       |       |    34 |       ||    34
       Chain mail        |       |       |       |    81 |    16 ||    97
       Plate armour      |       |       |       |       |    95 ||    95
Dodge: Dodged            |    48 |    68 |   210 |   267 |    65 ||   658
Block: Other             |     7 |    32 |    84 |    63 |       ||   186
       Reflection        |     2 |     2 |       |    29 |     6 ||    39
       Kite shield       |       |       |       |   399 |   206 ||   605

Table legend: (Time is in decaauts)
 A = Elapsed time spent in this place.
 B = Non-inter-level travel time spent in this place.
 C = Inter-level travel time spent in this place.
 D = Time resting spent in this place.
 E = Time spent auto-exploring this place.
 F = Levels seen in this place.
 G = Mean time per level.
                   A        B        C        D        E       F      G
               +--------+--------+--------+--------+--------+-----+--------+
         Total |  19413 |  18668 |    745 |   4485 |  10897 |  16 | 1213.3 |
       Dungeon |  18804 |  18061 |    743 |   4260 |  10828 |  14 | 1343.1 |
          Lair |    571 |    569 |      2 |    225 |     69 |   1 |  571.0 |
  Orcish Mines |     37 |     37 |      0 |      0 |      0 |   1 |   37.0 |
               +--------+--------+--------+--------+--------+-----+--------+

Top non-repeatable levels by time:
     D:9: 3046 daAuts
    D:14: 2955 daAuts
    D:10: 1740 daAuts
     D:7: 1339 daAuts
    D:11: 1288 daAuts
    D:13: 1256 daAuts
     D:8: 1245 daAuts
     D:4: 1065 daAuts
    D:12: 1025 daAuts
     D:3: 993 daAuts
     D:5: 953 daAuts
     D:1: 769 daAuts
     D:2: 711 daAuts
  Lair:1: 571 daAuts
     D:6: 414 daAuts
